AoeStats
← ivcrk826

Arabia

507236805Analyzed
1v1 RM · 14d ago on Sep 17, 2026· 16m 47s· 2 players
Game mode
Random Map
Map size
Tiny (2 player)
Population
200
Speed
Normal
Resources
Standard
Victory
Conquest
Starting age
Dark Age
Ending age
Imperial Age
RankedLock teamsTeams togetherTeam positionsShared explorationLock speedFull tech treeHidden civsTurbo modeCheats
Victory
Defeat
🇦🇷 Wu · Argentina
1086
+13
🇶🇦 Vietnamese · Qatar
1018
-13
mfk600
7:08 Loom
10:08 Feudal Age
10:19 Man-at-Arms
10:53 Double-Bit Axe
ivcrk826
6:26 Loom
9:26 Feudal Age
10:13 Double-Bit Axe
15:43 Fletching
Connection lost

Rejoining the realm…

Still unreachable

The connection could not be restored.

Session expired

The server has moved on; the page needs a fresh start.